 Dungeon Crawl Stone Soup version 0.29.0 (webtiles) character file.

Game seed: 15279768221234144286

914 edsrzf the Spear-Bearer (level 8, -8/56 HPs)
             Began as a Merfolk Air Elementalist on Aug 28, 2022.
             Was a Priest of Kikubaaqudgha.
             Killed from afar by a steam dragon (24 damage)
             ... with a ball of steam
             ... on level 6 of the Dungeon.
             The game lasted 00:15:52 (8361 turns).

edsrzf the Spear-Bearer (Merfolk Air Elementalist)  Turns: 8361, Time: 00:15:53

Health: -8/56      AC:  2    Str:  9    XL:     8   Next: 9%
Magic:  4/11       EV: 31    Int: 16    God:    Kikubaaqudgha [***...]
Gold:   273        SH:  0    Dex: 14    Spells: 10/12 levels left

rFire   . . .      SeeInvis .   a - +0 trident
rCold   . . .      Faith    .   (no shield)
rNeg    . . .      Spirit   .   n - +0 robe
rPois   .          Reflect  .   (no helmet)
rElec   .          Harm     .   (no cloak)
rCorr   .          Rampage  .   (no gloves)
Will    .....                   (no boots)
Stlth   ++........              t - amulet of the acrobat
HPRegen 0.18/turn               o - +4 ring of evasion
MPRegen 0.12/turn               (no ring)

@: acrobatic
A: (nimble swimmer 2), mertail
a: Renounce Religion, Unearth Wretches


You were on level 6 of the Dungeon.
You worshipped Kikubaaqudgha.
Kikubaaqudgha was most pleased with you.
You visited 1 branch of the dungeon, and saw 6 of its levels.

You collected 273 gold pieces.

Inventory:

Hand Weapons
 a - a +0 trident (weapon)
Missiles
 m - 10 javelins
 u - 8 poisoned darts
Armour
 n - a +0 robe (worn)
Magical Staves
 i - a staff of fire
Jewellery
 o - a +4 ring of evasion (left hand)
 t - an amulet of the acrobat (around neck)
Wands
 y - a wand of flame (14)
 A - a wand of light (10)
Scrolls
 d - 2 scrolls of vulnerability {unknown}
 e - a scroll of brand weapon {unknown}
 f - 2 scrolls of butterflies {unknown}
 l - a scroll of silence {unknown}
 p - 7 scrolls of identify {unknown}
 s - 4 scrolls of magic mapping {unknown}
 w - a scroll of amnesia {unknown}
 x - 2 scrolls of enchant armour {unknown}
 z - 2 scrolls of teleportation {unknown}
 B - a scroll of summoning {unknown}
 C - 2 scrolls of torment {unknown}
 E - a scroll of fear {unknown}
 F - a scroll of blinking {unknown}
Potions
 b - a potion of magic
 c - a potion of flight
 g - 2 potions of might {unknown}
 h - a potion of degeneration {unknown}
 j - 2 potions of lignification {unknown}
 k - 2 potions of brilliance {unknown}
 q - a potion of mutation {unknown}
 r - a potion of ambrosia {unknown}
 v - a potion of attraction {unknown}
 D - a potion of haste {unknown}


   Skills:
 - Level 2.1 Fighting
 - Level 10.1 Polearms
 - Level 2.6 Dodging
 - Level 2.1 Stealth
 + Level 2.5 Spellcasting
 - Level 2.0 Conjurations
 + Level 1.3 Necromancy
 - Level 2.4 Air Magic


You had 10 spell levels left.
You knew the following spells:

 Your Spells              Type           Power      Damage    Failure   Level
a - Necrotise             Necr           24%        1d5       12%         1
x - Shock                 Conj/Air       36%        1d5       8%          1

Your spell library contained the following spells:

 Spells                   Type           Power      Damage    Failure   Level
 Static Discharge         Conj/Air       9%         3-5/arc   12%         2
 Sublimation of Blood     Necr           6%         N/A       17%         2
 Summon Small Mammal      Summ           8%         N/A       21%         1
 Swiftness                Air            9%         N/A       22%         3
 Mephitic Cloud           Conj/Pois/Air  6%         N/A       32%         3
 Vampiric Draining        Necr           6%         2d6       34%         3
 Call Canine Familiar     Summ           2%         N/A       52%         3
 Gell's Gravitas          Tloc           2%         N/A       52%         3
 Ignite Poison            Fire/Tmut/Pois 2%         N/A       52%         3
 Portal Projectile        Hex/Tloc       4%         N/A       52%         3
 Summon Guardian Golem    Hex/Summ       2%         N/A       52%         3
 Teleport Other           Tloc           2%         N/A       52%         3
 Tukima's Dance           Hex            2%         N/A       52%         3
 Airstrike                Air            4%         2d(1-17)  58%         4
 Animate Dead             Necr           6%         N/A       75%         4
 Corpse Rot               Necr/Pois/Air  5%         N/A       75%         4
 Freezing Cloud           Conj/Ice/Air   3%         6-21      96%         5
 Agony                    Necr           6%         N/A       97%         5
 Blade Hands              Tmut           1%         N/A       99%         5
 Borgnjor's Vile Clutch   Necr/Erth      2%         N/A       99%         5
 Death Channel            Necr           3%         N/A       100%        6
 Dispersal                Tloc           1%         N/A       100%        6
 Simulacrum               Ice/Necr       2%         N/A       100%        6


Dungeon Overview and Level Annotations

Branches:
Dungeon (6/15)             Temple (0/1) D:6

Altars:
Kikubaaqudgha

Shops:
D:3 [   D:4 (

Annotations:
D:3 1 runed translucent door, Crazy Yiuf


Innate Abilities, Weirdness & Mutations

((You are very nimble when in or above water. (Stealth+, EV+, Speed+++)))
Your lower body shifts to a powerful aquatic tail in water.


Message History

You reach to attack!
You hit the orc warrior but do no damage.
The orc warrior is lightly wounded.
You reach to attack!
You puncture the orc warrior!
The orc warrior is heavily wounded.
You hit the orc warrior.
The orc warrior is severely wounded.
The orc warrior hits you with a +0 war axe!
A steam dragon comes into view.
The steam dragon hisses angrily.
You hit the orc warrior but do no damage.
The orc warrior is severely wounded.
The orc warrior closely misses you.
You hit the orc warrior but do no damage.
The orc warrior is severely wounded.
The orc warrior completely misses you.
You closely miss the orc warrior.
The orc warrior is severely wounded.
You closely miss the orc warrior.
The orc warrior is severely wounded.
The orc warrior closely misses you.
You barely miss the orc warrior.
The orc warrior is severely wounded.
The orc warrior barely misses you.
Your magical contamination has completely faded away.
You puncture the orc warrior!
The orc warrior is almost dead.
The orc warrior hits you with a +0 war axe!
You are too injured to fight recklessly!
You hit the orc warrior.
You kill the orc warrior!
Kikubaaqudgha accepts your kill.
Your Necromancy skill increases to level 1!
You have reached level 8!
Casting: Shock (safe; 8% risk of failure)
Confirm with . or Enter, or press ? or * to list all spells.
Aiming: Shock (safe; 8% risk of failure)
Press: ? - help, Shift-Dir - straight line, f - orc
Aim: an orc, wielding a +0 flail and wearing a +0 leather armour (68% to hit)
The zap hits something.
The zap hits the orc.
The orc is heavily wounded.
The zap misses the steam dragon.
You hear some strange, mumbled words.
A puff of flame appears from out of thin air!
The puff of flame misses you.
Casting: Shock (safe; 8% risk of failure)
Confirm with . or Enter, or press ? or * to list all spells.
Aiming: Shock (safe; 8% risk of failure)
Press: ? - help, Shift-Dir - straight line, f/p - orc
Aim: an orc, wielding a +0 flail and wearing a +0 leather armour (heavily wounded, 68% to hit)
The zap hits the orc.
You kill the orc!
Kikubaaqudgha accepts your kill.
The zap hits the steam dragon but does no damage.
Something barely misses you.
Casting: Shock (safe; 8% risk of failure)
Confirm with . or Enter, or press ? or * to list all spells.
Aiming: Shock (safe; 8% risk of failure)
Press: ? - help, Shift-Dir - straight line, f - steam dragon
Aim: a steam dragon (68% to hit)
The zap hits something.
The zap hits the steam dragon but does no damage.
Something hits you.
Unknown command.
Casting: Shock (safe; 8% risk of failure)
Confirm with . or Enter, or press ? or * to list all spells.
Aiming: Shock (safe; 8% risk of failure)
Press: ? - help, Shift-Dir - straight line, f/p - steam dragon
Aim: a steam dragon (68% to hit)
The zap misses the steam dragon.
You hear some strange, mumbled words.
A puff of flame appears from out of thin air!
The puff of flame hits you.
Casting: Shock (safe; 8% risk of failure)
Confirm with . or Enter, or press ? or * to list all spells.
Aiming: Shock (safe; 8% risk of failure)
Press: ? - help, Shift-Dir - straight line, f/p - steam dragon
Aim: a steam dragon (68% to hit)
The zap hits the steam dragon.
The steam dragon is lightly wounded.
Something hits you but does no damage. The steam dragon breathes steam at you.
The ball of steam hits something.
The ball of steam misses you.
Okay, then.
You miss something. Your punch misses something.
You are engulfed in a cloud of scalding steam.
You are engulfed in a cloud of scalding steam.
* * * LOW HITPOINT WARNING * * *
You hear some strange, mumbled words.
A puff of flame appears from out of thin air!
The puff of flame misses you.
You hear some strange, mumbled words.
Something tries to affect you, but you resist.
You open the door. The steam dragon breathes steam at you.
The ball of steam hits something!
Reactivating autopickup.
You feel a bit more experienced. The ball of steam hits you!!
You die...
Kikubaaqudgha rasps: "You have failed me!
Welcome... death!"

#.# #.# #.# #### #§#
##+## #... #§# ##...##
#.#. ##D## ##.....## #.#.
#...## ##.......## #...
#...D####.........####...
#.....§§@.........'......
#....####.........####...
####.#.## #.......## ##.#
#......# ##.....## ###
#.##.#.# ##...## #.##...#
##'####### #.###..# #.#
#...# #.###..#
#.###<..#### #.##.#.#
##.#..>.....#


There were no monsters in sight!

Vanquished Creatures
  An orc warrior (D:6)
  A black bear (D:6)
  An ogre (D:5)
  A scorpion (D:5)
  A necrophage (D:5)
  2 hounds
  An orc priest (D:6)
  An iguana (D:6)
  3 orc wizards
  Natasha (twice) (D:2)
  11 gnolls
  5 adders
  An ufetubus (D:4)
  4 worms
  6 dart slugs
  8 orcs
  4 ball pythons
  6 endoplasms
  2 giant cockroaches
  5 goblins
  10 hobgoblins
  10 jackals
  7 quokkas
  4 bats
  2 frilled lizards
  8 kobolds
  3 rats
110 creatures vanquished.

Vanquished Creatures (others)
  An orc wizard (D:6)
1 creature vanquished.

Grand Total: 111 creatures vanquished

Notes
Turn   | Place    | Note
-------+----------+-------------------------------------------
     0 | D:1      | edsrzf the Merfolk Air Elementalist began the quest for the
                  | Orb.
     0 | D:1      | Reached XP level 1. HP: 13/13 MP: 3/3
    26 | D:1      | Found a faded altar of an unknown god.
    34 | D:1      | Prayed at the altar of an unknown god.
    34 | D:1      | Became a worshipper of Kikubaaqudgha
    34 | D:1      | Reached * piety under Kikubaaqudgha
    34 | D:1      | Received a gift from Kikubaaqudgha
    51 | D:1      | Reached skill level 1 in Conjurations
   132 | D:1      | Reached skill level 1 in Fighting
   132 | D:1      | Reached XP level 2. HP: 13/21 MP: 0/5
   591 | D:1      | Reached XP level 3. HP: 27/27 MP: 2/6
   737 | D:1      | Reached skill level 2 in Fighting
   739 | D:1      | Reached ** piety under Kikubaaqudgha
  1327 | D:2      | Learned a level 1 spell: Necrotise
  1455 | D:2      | Identified 3 potions of curing
  1463 | D:2      | Reached skill level 2 in Conjurations
  1585 | D:2      | Reached skill level 1 in Polearms
  1753 | D:2      | Reached XP level 4. HP: 33/33 MP: 4/7
  2058 | D:2      | Reached skill level 2 in Polearms
  2359 | D:2      | Noticed Natasha
  2373 | D:2      | Killed Natasha
  2374 | D:2      | Reached skill level 3 in Polearms
  2635 | D:3      | Reached XP level 5. HP: 38/38 MP: 6/8
  2679 | D:3      | Found a runed translucent door.
  2680 | D:3      | Noticed Crazy Yiuf
  2857 | D:3      | Found Heidusakh's Armour Shop.
  2993 | D:3      | Reached skill level 4 in Polearms
  3802 | D:3      | Reached skill level 5 in Polearms
  3860 | D:3      | HP: 1/38 [gnoll sergeant/+0 spear (10)]
  4077 | D:2      | Noticed Natasha
  4094 | D:2      | Killed Natasha
  4095 | D:2      | Reached XP level 6. HP: 18/44 MP: 4/9
  4700 | D:4      | Reached *** piety under Kikubaaqudgha
  4700 | D:4      | Received a gift from Kikubaaqudgha
  4736 | D:4      | Reached skill level 6 in Polearms
  5306 | D:4      | Found Urrocete's Antique Weapon Shoppe.
  5726 | D:5      | Entered Level 5 of the Dungeon
  5876 | D:5      | Identified 2 potions of flight
  5895 | D:5      | Reached skill level 7 in Polearms
  6474 | D:5      | Reached XP level 7. HP: 39/50 MP: 10/10
  6729 | D:5      | Reached skill level 8 in Polearms
  7391 | D:6      | Reached skill level 9 in Polearms
  7811 | D:6      | Found a staircase to the Ecumenical Temple.
  8016 | D:6      | Reached skill level 10 in Polearms
  8341 | D:6      | Noticed a steam dragon
  8349 | D:6      | Reached skill level 1 in Necromancy
  8349 | D:6      | Reached XP level 8. HP: 30/56 MP: 7/11
  8361 | D:6      | Killed from afar by a steam dragon

Illustrated notes

Levels and vault maps discovered:
D:1:      dpeg_arrival_shelter, layout_basic, basic_ecumenical_altar,
          minmay_three_crescents
D:2:      layout_rooms, uniq_natasha
D:3:      layout_loops_corners, serial_shops, shop,
          chequers_serial_rivers_room_a, uniq_crazy_yiuf_cottage
D:4:      layout_basic, serial_shops, shop, hangedman_decor_peaks_small,
          minmay_fractal_squares_gapless_5
D:5:      layout_basic
D:6:      layout_loops_corners, minmay_temple_entry_enclosed_plants,
          serial_shops, kennysheep_mini_moat, chequers_serial_rivers_room_a

Skill      XL: |  1  2  3  4  5  6  7 |
---------------+----------------------+-----
Conjurations   | 1 2 |  2.0
Fighting       | 1 2 |  2.1
Polearms       | 1 3 5 7 10 | 10.1
Necromancy     | 1 |  1.3
Dodging        | |  2.6
Stealth        | |  2.1
Spellcasting   | |  2.5
Air Magic      | |  2.4

Action                   |  1- 3 |  4- 6 |  7- 9 || total
-------------------------+-------+-------+-------++-------
Melee: Unarmed           |    26 |       |       ||    26
       Staff             |    10 |       |       ||    10
       Trident           |       |   133 |    70 ||   203
Throw: Javelin           |       |     2 |       ||     2
 Cast: Shock             |    63 |   138 |    22 ||   223
       Necrotise         |     3 |       |       ||     3
Evoke: Wand              |       |       |     3 ||     3
  Use: Potion            |     1 |     4 |       ||     5
 Stab: Sleeping          |       |     2 |     1 ||     3
       Invisible         |       |       |     2 ||     2
Armor: Robe              |    11 |    11 |     9 ||    31
Dodge: Dodged            |    48 |   113 |    31 ||   192
